 Dungeon Crawl Stone Soup version 0.27-a0-1256-gced786f65e (console) character file.

Game seed: 13331419231606084470

71 jejorda2 the Slasher (level 4, -3/37 HPs)
             Began as a Merfolk Berserker on June 10, 2021.
             Was a Believer of Trog.
             Slain by a gnoll
             ... wielding a +0 halberd
              (15 damage)
             ... on level 2 of the Dungeon.
             The game lasted 00:02:02 (1638 turns).

jejorda2 the Slasher (Merfolk Berserker)            Turns: 1638, Time: 00:02:03

Health: -3/37      AC:  2    Str: 18    XL:     4   Next: 24%
Magic:  4/4        EV: 12    Int:  6    God:    Trog [**....]
Gold:   60         SH:  0    Dex: 13    Spells: 3/3 levels left

rFire    . . .     SeeInvis .   a - +0 falchion
rCold    . . .     Faith    .   (no shield)
rNeg     . . .     Spirit   .   b - +0 animal skin
rPois    .         Reflect  .   (no helmet)
rElec    .         Harm     .   (no cloak)
rCorr    .         Rampage  .   (no gloves)
Will     .....                  (no boots)
Stlth    +.........             (no amulet)
HPRegen  0.12/turn              (no ring)
MPRegen  0.09/turn              (no ring)

@: on berserk cooldown, slowed, very slow
A: (nimble swimmer 2), mertail
a: Renounce Religion, Berserk, Trog's Hand


You were on level 2 of the Dungeon.
You worshipped Trog.
Trog was pleased with you.
You visited 1 branch of the dungeon, and saw 2 of its levels.

You collected 60 gold pieces.

Inventory:

Hand Weapons
 a - a +0 falchion (weapon)
Armour
 b - a +0 animal skin (worn)
Scrolls
 c - a scroll of immolation {unknown}
 d - a scroll of fear {unknown}
 e - 2 scrolls of teleportation {unknown}
 g - a scroll of enchant weapon {unknown}
 h - a scroll of identify {unknown}
Potions
 f - a potion of heal wounds {unknown}


   Skills:
 + Level 3.9 Fighting
 * Level 4.5 Long Blades
 + Level 2.0 Armour
 - Level 2.6 Dodging


You had 3 spell levels left.
You didn't know any spells.
Your spell library was empty.

Dungeon Overview and Level Annotations

Branches:
Dungeon (2/15)

Altars:


Innate Abilities, Weirdness & Mutations

((You are quick and stealthy near water. (Stealth+, EV+, Speed+++)))
Your lower body shifts to a powerful aquatic tail in water.


Message History

You completely miss the adder.
The adder is heavily wounded.
The adder closely misses you.
You riposte.
You slash the adder!
You kill the adder!
Trog accepts your kill. The gnoll closely misses you.
You feel a strong urge to attack something.
A gnoll comes into view. It is wielding a +0 spear.
The gnoll hits you with a +0 spear.
You barely miss the gnoll.
The gnoll shouts!
You hear a shout!
You closely miss the gnoll. The gnoll closely misses you.
You riposte.
You barely miss the gnoll. You hit the gnoll.
The gnoll is heavily wounded.
A gnoll comes into view. It is wielding a +0 halberd.
The gnoll barely misses you.
You riposte.
You barely miss the gnoll.
The gnoll is heavily wounded.
You slash the gnoll!
You kill the gnoll!
Trog accepts your kill.
The gnoll hits you from afar with a +0 spear.
Your Armour skill increases to level 2!
You have reached level 4!
A gnoll comes into view. It is wielding a +0 halberd.
The gnoll hits you with a +0 spear!
Items here: ) †.
You barely miss the gnoll.
The gnoll shouts!
The gnoll misses you.
You riposte.
You barely miss the gnoll. You closely miss the gnoll.
The gnoll hits you with a +0 spear! The gnoll hits you with a +0 halberd!
You slash the gnoll!
You kill the gnoll!
Trog accepts your kill.
You barely miss the gnoll.
You are no longer berserk.
You are exhausted.
You feel yourself slow down. The gnoll hits you with a +0 halberd!
You die...

..<# #...# ..<# #...# ##
..## #>..# .. ...# #...#
.# #†.# #####...######.# #
#..##................##...
..........................
.#.##...........g).g......
.#.# #####...##@##.##....
<..# #...##.# $.. . .###
#...##.# ###.. .#
#...##.##### ..# .#
###...##.......... .#
#.......######## #
.########.......§.##
........#.##.#.§_§.#
#.##.........#..§..#


You could see 2 gnolls.

Vanquished Creatures
  2 gnolls (D:2)
  An adder (D:2)
  A worm (D:2)
  6 endoplasms
  3 giant cockroaches
  A hobgoblin (D:1)
  4 jackals (D:1)
  2 ball pythons (D:1)
  A bat (D:2)
  3 frilled lizards
  4 goblins (D:1)
  7 kobolds
  5 rats
40 creatures vanquished.

Notes
Turn   | Place    | Note
-------+----------+-------------------------------------------
     0 | D:1      | jejorda2 the Merfolk Berserker began the quest for the Orb.
     0 | D:1      | Reached XP level 1. HP: 18/18 MP: 1/1
   115 | D:1      | Reached XP level 2. HP: 18/24 MP: 2/2
   673 | D:1      | Reached XP level 3. HP: 24/29 MP: 3/3
   753 | D:1      | Reached skill level 4 in Long Blades
   967 | D:1      | Reached ** piety under Trog
  1592 | D:2      | Found a faded altar of an unknown god.
  1634 | D:2      | Reached XP level 4. HP: 37/37 MP: 4/4
  1638 | D:2      | Slain by a gnoll

Illustrated notes

Levels and vault maps discovered:
D:1:      onia_arrival_handbag, layout_loops_ring, serial_bayou_lagoon_b
D:2:      layout_loops_cross, ebering_ecumenical_altar_mist

Skill      XL: |  1  2  3 |
---------------+----------+-----
Long Blades    | 4 |  4.5
Armour         | 2 |  2.0
Fighting       | |  3.9
Dodging        | |  2.6

Action                   |  1- 3 |  4- 6 || total
-------------------------+-------+-------++-------
Melee: Falchion          |    91 |     4 ||    95
       Tailslap          |     2 |       ||     2
Invok: Berserk           |     2 |       ||     2
 Stab: Sleeping          |     5 |       ||     5
Armor: Animal skin       |     9 |       ||     9
Dodge: Dodged            |    56 |     1 ||    57
       Rpst.: Falchion   |    20 |     1 ||    21

Table legend: (Time is in decaauts)
 A = Elapsed time spent in this place.
 B = Non-inter-level travel time spent in this place.
 C = Inter-level travel time spent in this place.
 D = Time resting spent in this place.
 E = Time spent auto-exploring this place.
 F = Levels seen in this place.
 G = Mean time per level.
                   A        B        C        D        E       F      G
               +--------+--------+--------+--------+--------+-----+--------+
         Total |   1630 |   1586 |     44 |    166 |   1184 |   2 |  815.0 |
       Dungeon |   1630 |   1586 |     44 |    166 |   1184 |   2 |  815.0 |
               +--------+--------+--------+--------+--------+-----+--------+

Top non-repeatable levels by time:
     D:1: 1309 daAuts
     D:2: 320 daAuts
